Map: Dragon Scales LE

Players

MattBarry - Winner!

  • Race: Zerg Zerg
  • League: Gold
  • Spawn Location: 5:00

FGcRedNight

  • Race: Protoss Protoss
  • League: Silver
  • Spawn Location: 11:00

VOD

Have the link to the VOD?

Description

Time

  • Played on: Feb. 10, 2023, 3:49 p.m.
  • Length: 17:39
Show
View Real Time Build Order
Export as new Build Order

MattBarry Zerg - Winner!

Build Orders: Hatch First, Lurkers, Roach Hydra 

Get SALT Encoding   

  12  0:00  Drone  
  13  0:12  Overlord  
  13  0:16  Drone  
  14  0:30  Drone x2  
  16  0:49  Hatchery  
  15  0:52  Drone  
  15  0:54  Drone  
  17  0:58  Drone  
  18  1:07  Extractor  
  17  1:19  Spawning Pool  
  17  1:24  Drone  
  17  1:25  Drone  
  18  1:32  Drone  
  19  1:47  Drone  
  20  2:06  Queen x2  
  20  2:07  Overlord  
  24  2:12  Metabolic Boost  
  24  2:13  Evolution Chamber  
  23  2:16  Drone  
  23  2:19  Drone  
  23  2:21  Drone  
  26  2:24  Drone  
  26  2:29  Drone  
  28  2:42  Queen  
  30  2:47  Lair  
  30  2:53  Drone x2  
  30  2:55  Drone  
  33  2:58  Drone  
  34  3:06  Roach Warren  
  34  3:11  Extractor  
  32  3:17  Drone  
  32  3:18  Drone  
  34  3:23  Zerg Missile Weapons Level 1  
  34  3:24  Zergling x4  
  36  3:29  Overlord  
  36  3:56  Drone x5  
  36  3:57  Drone  
  36  4:02  Glial Reconstitution  
  41  4:09  Drone x2  
  43  4:10  Overlord x2  
  43  4:14  Spore Crawler  
  43  4:16  Spore Crawler  
  41  4:24  Roach  
  43  4:26  Overlord  
  43  4:29  Roach x4  
  51  4:42  Drone x5  
  55  4:53  Roach x5  
  55  4:57  Overlord  
  65  5:13  Spore Crawler  
  64  5:14  Spore Crawler  
  64  5:17  Hydralisk Den  
  64  5:18  Drone x5  
  64  5:19  Extractor x2  
  65  5:38  Hatchery  
  64  6:07  Grooved Spines  
  64  6:15  Zerg Ground Armor Level 1  
  64  6:16  Evolution Chamber  
  63  6:22  Drone  
  63  6:23  Drone x4  
  63  6:24  Overlord  
  68  6:26  Zergling x12  
  74  6:41  Queen x2  
  78  6:51  Spore Crawler, Queen  
  79  6:56  Drone x2  
  81  7:03  Spore Crawler x2  
  81  7:04  Overlord  
  81  7:05  Overlord x2  
  79  7:17  Queen  
  79  7:18  Muscular Augments  
  81  7:26  Hydralisk x3  
  81  7:27  Hydralisk x4  
  95  7:34  Extractor, Zerg Missile Weapons Level 2  
  94  7:40  Extractor  
  93  7:55  Overseer  
  93  7:58  Hydralisk, Pneumatized Carapace  
  93  7:59  Hydralisk  
  93  8:01  Overlord x2  
  97  8:18  Drone  
  98  8:20  Overlord x2  
  98  8:24  Drone x6, Overlord  
  98  8:25  Overlord  
  104  8:33  Infestation Pit  
  103  9:01  Hydralisk x7  
  103  9:02  Hydralisk  
  119  9:03  Overlord  
  119  9:04  Drone  
  114  9:18  Roach x5  
  114  9:19  Roach  
  124  9:36  Drone x2  
  124  9:37  Drone x3  
  129  9:43  Hatchery  
  128  9:56  Hive  
  128  10:01  Zerg Melee Weapons Level 1  
  128  10:02  Roach  
  128  10:03  Roach x5, Lurker Den  
  139  10:39  Overlord x4  
  139  10:40  Hydralisk x2  
  143  10:51  Zergling x8  
  143  10:52  Zergling x4  
  143  10:53  Zergling x4  
  151  11:03  Queen  
  153  11:11  Hydralisk x4  
  153  11:12  Hydralisk  
  153  11:16  Hatchery  
  162  11:23  Hatchery  
  161  11:26  Seismic Spines  
  161  11:29  Zerg Ground Armor Level 2  
  157  11:54  Drone x2  
  157  11:55  Drone x6  
  157  11:56  Hydralisk x2, Overlord x2  
  157  11:57  Hydralisk  
  171  12:23  Adaptive Talons  
  171  12:37  Lurker x2  
  171  12:38  Lurker x5  
  171  12:39  Lurker  
  171  12:42  Hydralisk x2  
  171  12:43  Hydralisk x7  
  197  12:52  Queen  
  194  13:12  Spire  
  190  13:13  Hydralisk x2  
  190  13:14  Hydralisk x2  
  186  14:12  Hydralisk x9  
  186  14:13  Hydralisk x2  
  164  14:36  Hydralisk  
  164  14:37  Hydralisk x18  
  194  15:03  Lurker x4  
  194  15:04  Lurker  
  199  15:35  Extractor  
  199  15:39  Overseer, Extractor  
  199  15:41  Overseer  
  189  16:23  Overseer x2  
  189  16:25  Corruptor x5, Overlord  
  147  16:48  Hydralisk x16  
  147  16:52  Hydralisk  
  152  17:06  Hydralisk x4  
Show
View Real Time Build Order
Export as new Build Order

FGcRedNight Protoss 

Build Orders: 1 Gate Expand 

Get SALT Encoding   

  12  0:01  Probe  
  13  0:13  Probe  
  14  0:25  Pylon, Probe  
  15  0:47  Gateway  
  15  0:50  Probe  
  16  1:01  Assimilator  
  16  1:02  Probe  
  17  1:14  Probe  
  18  1:25  Nexus  
  18  1:28  Probe  
  19  1:37  Assimilator  
  19  1:41  Probe  
  20  1:51  Cybernetics Core  
  20  1:56  Probe  
  22  2:08  Probe  
  22  2:10  Pylon  
  22  2:21  Probe  
  23  2:32  Gateway  
  23  2:33  Adept (Chrono Boost)  
  25  2:43  Probe x2  
  27  2:47  Warp Gate  
  27  2:55  Adept (Chrono Boost), Probe  
  30  2:58  Stargate  
  30  2:59  Probe  
  31  3:17  Gateway  
  31  3:18  Probe x2  
  33  3:23  Zealot (Chrono Boost)  
  33  3:25  Zealot  
  37  3:36  Probe x2  
  37  4:06  Probe x2  
  39  4:11  Assimilator  
  39  4:12  Oracle (Chrono Boost)  
  39  4:13  Assimilator  
  42  4:17  Pylon  
  42  4:18  Probe  
  42  4:19  Probe  
  44  4:33  Probe  
  44  4:38  Gateway  
  45  4:42  Gateway  
  45  4:44  Pylon  
  45  4:46  Probe x2  
  45  4:51  Zealot x2  
  51  4:55  Oracle  
  51  4:58  Pylon  
  54  5:02  Probe x2  
  56  5:12  Stalker x2  
  60  5:15  Probe x2  
  60  5:17  Gateway  
  61  5:22  Forge  
  61  5:24  Stalker  
  63  5:32  Pylon  
  63  5:36  Shield Battery  
  63  5:42  Probe x2  
  65  5:59  Probe x2  
  71  6:04  Void Ray (Chrono Boost)  
  71  6:05  Stalker x3  
  71  6:09  Pylon  
  74  6:27  Probe x2  
  74  6:28  Stalker  
  82  6:47  Void Ray (Chrono Boost)  
  82  6:49  Nexus  
  82  6:54  Probe x2  
  84  7:20  Pylon  
  84  7:23  Probe x2  
  86  7:35  Pylon  
  86  7:36  Pylon  
  86  7:38  Probe x2  
  86  7:39  Protoss Ground Weapons Level 1 (Chrono Boost)  
  86  7:41  Gateway  
  86  7:44  Void Ray  
  92  7:45  Gateway  
  92  7:50  Stalker  
  94  7:53  Probe x2  
  94  7:57  Robotics Facility  
  96  7:58  Stalker x3  
  96  7:59  Stalker, Robotics Facility  
  96  8:05  Probe x2  
  106  8:07  Probe  
  104  8:17  Probe  
  105  8:25  Twilight Council  
  105  8:26  Pylon  
  105  8:46  Robotics Bay  
  105  8:49  Immortal x2  
  113  8:58  Pylon  
  113  9:00  Stalker x2  
  107  9:21  Stalker x2  
  107  9:22  Stalker x2  
  107  9:23  Stalker  
  117  9:33  Assimilator, Probe x2  
  117  9:36  Pylon, Assimilator, Nexus  
  119  9:51  Immortal x2 (Chrono Boost)  
  127  10:00  Pylon  
  127  10:04  Gateway  
  127  10:07  Gateway  
  127  10:20  Nexus  
  127  10:22  Stalker x6  
  127  10:23  Stalker x2  
  139  10:31  Observer (Chrono Boost)  
  139  10:34  Disruptor (Chrono Boost)  
  143  10:43  Probe  
  143  10:46  Assimilator  
  143  10:47  Assimilator  
  143  10:48  Assimilator  
  144  10:52  Assimilator  
  144  10:54  Pylon  
  144  10:55  Pylon  
  144  11:10  Photon Cannon  
  144  11:12  Photon Cannon  
  144  11:14  Photon Cannon  
  144  11:16  Shield Battery  
  144  11:19  Probe x3  
  147  11:29  Stalker x2  
  150  11:46  Blink (Chrono Boost)  
  150  11:47  Colossus x2 (Chrono Boost)  
  150  11:48  Protoss Ground Weapons Level 2 (Chrono Boost)  
  162  12:07  Pylon  
  162  12:20  Nexus  
  162  12:24  Probe x2  
  162  12:26  Stalker x4  
  172  12:33  Disruptor  
  175  12:46  Probe  
  176  13:00  Probe x4  
  180  13:12  Stalker, Probe  
  181  13:13  Stalker x2  
  187  13:21  Pylon  
  187  13:22  Forge, Pylon  
  187  13:24  Pylon  
  187  13:26  Pylon  
  187  13:27  Pylon  
  187  13:29  Pylon  
  185  14:00  Stalker x3  
  185  14:01  Stalker  
  193  14:03  Stalker x2  
  115  14:28  Stalker x2  
  115  14:29  Stalker x4, Colossus x2 (Chrono Boost)  
  124  14:51  Stalker  
  126  14:53  Stalker  
  126  14:54  Stalker x5  
  138  15:06  Protoss Ground Armor Level 1 (Chrono Boost)  
  138  15:08  Colossus (Chrono Boost)  
  138  15:11  Observer (Chrono Boost)  
  145  15:15  Stalker x2  
  145  15:16  Stalker x2  
  145  15:21  Nexus  
  153  15:27  Probe x3  
  156  15:30  Pylon  
  156  15:35  Observer, Templar Archives  
  157  15:44  Colossus (Chrono Boost)  
  157  15:45  Probe  
  157  15:46  Probe  
  165  16:09  Stalker x3  
  165  16:10  Stalker  
  173  16:15  Pylon, Colossus (Chrono Boost)  
  173  16:17  Pylon  
  173  16:21  Assimilator  
  179  16:26  Assimilator  
  179  16:31  Colossus (Chrono Boost)  
  183  16:37  Stalker x3  
  183  16:38  Stalker x2  
  183  16:39  Stalker x2  
  157  16:53  Stalker  
  130  16:54  Stalker  
  130  16:55  Stalker  
  109  17:03  Stalker x2  
  109  17:04  Stalker x4  
  109  17:05  Stalker  
  88  17:17  Zealot x3  
  86  17:29  Stalker x2  
  78  17:30  Stalker x2  
Tags
 
Add a new tag
Caveats
  • Supply blocks, unpowered buildings, or Contaminate may cause inaccurate times.
  • Supply counts are checked every 10 seconds.